 Dungeon Crawl Stone Soup version 0.28-a0-10-g964c8b829e (webtiles) character file.

Game seed: 6607239599854194347

131 wakim the Firebug (level 5, -28/28 HPs)
             Began as a Gargoyle Fire Elementalist on July 25, 2021.
             Killed by an exploding bullfrog (48 damage)
             ... ignited by their inner flame
             ... on level 2 of the Dungeon.
             The game lasted 00:09:35 (3529 turns).

wakim the Firebug (Gargoyle Fire Elementalist)      Turns: 3529, Time: 00:09:36

Health: -28/28     AC:  6    Str: 11    XL:     5   Next: 14%
Magic:  5/8        EV: 11    Int: 17    God:
Gold:   64         SH:  0    Dex: 10    Spells: 4/8 levels left

rFire   . . .      SeeInvis +   b - +0 hunting sling
rCold   . . .      Faith    .   (no shield)
rNeg    + . .      Spirit   .   e - +0 robe
rPois   ∞          Reflect  .   (no helmet)
rElec   +          Harm     .   (no cloak)
rCorr   .          Rampage  .   (no gloves)
Will    .....                   (no boots)
Stlth   ++........              (no amulet)
HPRegen 0.09/turn               g - ring of see invisible
MPRegen 0.11/turn               (no ring)

@: no status effects
A: sickness immunity, AC +4, negative energy resistance 1, electricity
resistance, torment resistance 1, petrification resistance
a: no special abilities


You were on level 2 of the Dungeon.
You visited 1 branch of the dungeon, and saw 3 of its levels.

You collected 64 gold pieces.

Inventory:

Hand Weapons
 a - a +0 dagger
 b - a +0 hunting sling (weapon)
Missiles
 f - 46 sling bullets (quivered ammo)
Armour
 e - a +0 robe (worn)
Jewellery
 g - a ring of see invisible (left hand)
Scrolls
 h - a scroll of vulnerability {unknown}
 U - a scroll of fear
Potions
 c - a potion of haste {unknown}
 d - a potion of curing {unknown}
 i - a potion of flight {unknown}
 C - a potion of berserk rage {!q}
 O - 2 potions of resistance


   Skills:
 - Level 1.5 Dodging
 - Level 2.1 Stealth
 - Level 2.0 Spellcasting
 + Level 2.9 Conjurations
 + Level 0.6 Hexes
 * Level 4.9 Fire Magic


You had 4 spell levels left.
You knew the following spells:

 Your Spells              Type           Power      Damage    Failure   Level
a - Foxfire               Conj/Fire      60%        2x1d7     3%          1
b - Inner Flame           Hex/Fire       11%        N/A       19%         3

Your spell library contained the following spells:

 Spells                   Type           Power      Damage    Failure   Level
 Conjure Flame            Conj/Fire      15%        6-21      12%         3
 Sticky Flame             Conj/Fire      15%        2d4       36%         4
 Fireball                 Conj/Fire      7%         3d5       71%         5


Dungeon Overview and Level Annotations

Branches:
Dungeon (3/15)

Altars:


Innate Abilities, Weirdness & Mutations

You are immune to sickness and miasma.
Your stone body is resilient. (AC +4)
You are immune to poison.
You resist negative energy. (rN+)
You are resistant to electric shocks. (rElec)
You are resistant to unholy torment.
You are immune to petrification.


Message History

There is a stone staircase leading down here.
Things that are here:
a +0 ring mail; a +0 dagger You shoot a sling bullet.
The sling bullet hits the bullfrog.
The bullfrog is lightly wounded.
The bullfrog hits you.
The bullfrog hits you but does no damage.
You shoot a sling bullet.
The sling bullet closely misses the bullfrog.
The bullfrog hits you but does no damage.
The bullfrog hits you.
You shoot a sling bullet. The sling bullet hits the bullfrog.
The bullfrog is moderately wounded.
The bullfrog hits you but does no damage.
Casting: Foxfire (safe; 3% risk of failure)
Confirm with . or Enter, or press ? or * to list all spells.
The spell is quite dangerous to cast (19% risk of failure)!
Continue anyway?
Aiming: Inner Flame (quite dangerous; 19% risk of failure)
Press: ? - help, Shift-Dir - straight line, f/p - bullfrog
Aim: a bullfrog (moderately wounded, chance to affect: 62%)
The bullfrog is filled with an inner flame.
The bullfrog barely misses you.
The bullfrog hits you but does no damage.
You shoot a sling bullet. The sling bullet misses the bullfrog.
The bullfrog completely misses you.
The bullfrog hits you but does no damage.
You shoot a sling bullet.
The sling bullet barely misses the bullfrog.
The bullfrog hits you but does no damage.
You shoot a sling bullet.
The sling bullet completely misses the bullfrog.
The bullfrog closely misses you. x2
You shoot a sling bullet. The sling bullet hits the bullfrog!
Flame seeps out of the bullfrog.
The bullfrog is severely wounded.
The bullfrog is engulfed in blazing flames.
The bullfrog explodes!
The fiery explosion engulfs you!!!
Ouch! That really hurt!
You die...

.....#####........#####.#....#
...#.#...+........# #.#.####
...#...###........# #.#..#
...#...#.#........#####.##.#
...#..................#.##.#
...#...###..........#.#.##.#
...#.............##.#.#.##.#
...#....####..§§§.#.#.#.##.######
...'.....(.....○@.#.............#
.###.......#...§..###.#.##.####.#
...........+......'.<...##....#.#
..####.....#......##..####..#.#.#
..##..................####..#.#.#
..##..................#.....#.#.#
..........#...........#.###.#.#.#
..........#......###..#.###.#.#.#
....(.)...#......# #..#...#.#.#.#


There were no monsters in sight!

Vanquished Creatures
  A bullfrog (D:2)
  Terence (D:1)
  An orc wizard (D:3)
  3 adders (D:2)
  4 dart slugs
  2 orcs
  An endoplasm (D:1)
  6 goblins
  2 hobgoblins
  4 jackals (D:2)
  2 quokkas (D:2)
  3 ball pythons
  6 bats
  2 frilled lizards
  4 kobolds
  7 rats
49 creatures vanquished.

Vanquished Creatures (others)
  205 foxfires
205 creatures vanquished.

Grand Total: 254 creatures vanquished

Notes
Turn   | Place    | Note
-------+----------+-------------------------------------------
     0 | D:1      | wakim the Gargoyle Fire Elementalist began the quest for
                  | the Orb.
     0 | D:1      | Reached XP level 1. HP: 10/10 MP: 3/3
   334 | D:1      | Reached XP level 2. HP: 15/15 MP: 3/5
   483 | D:1      | Found a faded altar of an unknown god.
  1263 | D:2      | Noticed Terence
  1649 | D:2      | Reached XP level 3. HP: 18/19 MP: 0/6
  1826 | D:1      | Killed Terence
  1827 | D:1      | Reached skill level 4 in Fire Magic
  2068 | D:2      | Reached XP level 4. HP: 24/24 MP: 3/7
  2720 | D:2      | Learned a level 3 spell: Inner Flame
  3426 | D:3      | Reached XP level 5. HP: 28/28 MP: 2/8
  3529 | D:2      | Killed by an exploding bullfrog... ignited by their inner
                  | flame

Illustrated notes

Levels and vault maps discovered:
D:1:      lightli_arrival_statuegarden, layout_loops_corners,
          ebering_ecumenical_altar_petrified
D:2:      layout_basic, chequers_serial_rivers_large_a, grunt_decor_cap,
          uniq_terence
D:3:      layout_loops_ring, hangedman_abyss_or_decor_lesser_grid

Skill      XL: |  1  2  3 |
---------------+----------+-----
Conjurations   | 2 |  2.9
Fire Magic     | 4 |  4.9
Dodging        | |  1.5
Stealth        | |  2.1
Spellcasting   | |  2.0
Hexes          | |  0.6

Action                   |  1- 3 |  4- 6 || total
-------------------------+-------+-------++-------
Melee: Dagger            |     8 |       ||     8
 Fire: Hunting sling     |       |    13 ||    13
 Cast: Foxfire           |    67 |    56 ||   123
       Inner Flame       |       |     1 ||     1
  Use: Scroll            |     4 |       ||     4
Armor: Robe              |     6 |    14 ||    20
Dodge: Dodged            |    17 |     8 ||    25

Table legend: (Time is in decaauts)
 A = Elapsed time spent in this place.
 B = Non-inter-level travel time spent in this place.
 C = Inter-level travel time spent in this place.
 D = Time resting spent in this place.
 E = Time spent auto-exploring this place.
 F = Levels seen in this place.
 G = Mean time per level.
                   A        B        C        D        E       F      G
               +--------+--------+--------+--------+--------+-----+--------+
         Total |   3542 |   3359 |    183 |    170 |   2443 |   3 | 1180.7 |
       Dungeon |   3542 |   3359 |    183 |    170 |   2443 |   3 | 1180.7 |
               +--------+--------+--------+--------+--------+-----+--------+

Top non-repeatable levels by time:
     D:2: 1823 daAuts
     D:1: 1582 daAuts
     D:3: 136 daAuts
